 Dungeon Crawl Stone Soup version 0.18-b1-16-g289874d (webtiles) character file.

1677 6a6kaBkacke the Protected (level 8, 0/73 HPs)
             Began as a Minotaur Berserker on May 1, 2016.
             Was a Priest of Trog.
             Succumbed to a killer bee's poison
             ... on level 6 of the Dungeon.
             The game lasted 00:24:28 (5080 turns).

6a6kaBkacke the Protected (Minotaur Berserker)      Turns: 5080, Time: 00:24:28

Health: 0/73       AC: 12    Str: 24    XL:     8   Next: 70%
Magic:  0/7        EV: 10    Int:  6    God:    Trog [***...]
Gold:   304        SH:  0    Dex: 10    Spells: 0 memorised, 7 levels left

rFire  + . .     SeeInvis .     x - +0 halberd
rCold  + . .     Gourm    .     s - +0 chain mail
rNeg   . . .     Faith    .     (shield currently unavailable)
rPois  +         Spirit   +     (helmet restricted)
rElec  +         Dismiss  .     (no cloak)
rCorr  +         Reflect  .     h - +0 pair of gloves
SustAt .         Harm     .     (no boots)
MR     +....                    n - amulet of guardian spirit
Stlth  ..........               y - ring of protection from magic
                                b - ring of resist corrosion

@: lethally poisoned (0 -> -9), resistant, somewhat resistant to hostile
enchantments, extremely unstealthy
A: retaliatory headbutt, horns 2, blurry vision 2, clever 1
a: Berserk, Trog's Hand, Burn Spellbooks, Renounce Religion


You were on level 6 of the Dungeon.
You worshipped Trog.
Trog was most pleased with you.
You were hungry.

You visited 1 branch of the dungeon, and saw 6 of its levels.

You collected 304 gold pieces.

Inventory:

Hand Weapons
 a - a +1 spear
 p - a +3 scythe of flaming
 x - a +0 halberd (weapon)
Missiles
 k - 12 tomahawks (quivered)
Armour
 h - a +0 pair of gloves (worn)
 s - a +0 chain mail (worn)
Jewellery
 b - a ring of resist corrosion (left hand)
 n - an amulet of guardian spirit (around neck)
 y - a ring of protection from magic (right hand)
Scrolls
 d - a scroll of recharging
 e - 6 scrolls of identify
 j - a scroll of fog
 m - a scroll of noise
 r - 2 scrolls of enchant weapon
 u - 4 scrolls of enchant armour
 w - 3 scrolls of remove curse
Potions
 f - 3 potions of brilliance
 l - a potion of degeneration
 q - 2 potions of haste
 z - 2 potions of flight
 B - a potion of berserk rage {unknown}
Comestibles
 c - 3 bread rations
 g - 3 fruits
 i - a slice of pizza
 o - 3 beef jerkies
 A - 2 meat rations


   Skills:
 * Level 7.3 Fighting
 * Level 7.1 Polearms
 * Level 8.4 Armour
 * Level 5.8 Dodging


You had 7 spell levels left.
You didn't know any spells.

Dungeon Overview and Level Annotations

Branches:
Dungeon (6/15)
 Temple: D:4-7

Altars:
Fedhas
Gozag
Pakellas
Yredelemnul


Innate Abilities, Weirdness & Mutations

You reflexively headbutt those who attack you in melee.
You have a pair of horns on your head.
Scrolls take you longer to read.
Your mind is acute. (Int +2)


Message History

You kill the killer bee!
Trog accepts your kill.
* * * LOW HITPOINT WARNING * * *
You feel sick.
Drink which item? (? for menu, Esc to quit)
It was a potion of mutation.
You feel extremely strange.
Your vision blurs. x2; You feel clever.
* * * LOW HITPOINT WARNING * * *
You feel sick. The shadow imp gestures at you. Pain shoots through your body!
* * * LOW HITPOINT WARNING * * *
Drink which item? (? for menu, Esc to quit)
It was a potion of resistance.
You feel protected.
* * * LOW HITPOINT WARNING * * *
You feel sick.
Drink which item? (? for menu, Esc to quit)
You can't drink that!
You die...

..# #. #.# #.# #.#
#.#####.#######
#.##..........#
#####.##.##.#####.#
.......#.##.# #.#
#.........#####.#
#......##.....@.#
###.#####.#####.#
#.# #.# #.# #.#
#.#####†# ##'##
#.##...5# ##...##
#.##.##.#
##.....###.## #.#
##.......##. ..#
#.........# .##


You could see a shadow imp.

Vanquished Creatures
  Sigmund (D:5)
  Menkaure (D:5)
  3 ice beasts
  2 ogres (D:5)
  A giant frog (D:6)
  2 scorpions
  4 killer bees (D:6)
  2 howler monkeys (D:5)
  A centaur zombie (D:5)
  A crimson imp (D:5)
  2 jellies
  A hound (D:4)
  2 giant frog skeletons
  5 orc wizards
  3 worker ants
  A hound zombie (D:5)
  A worker ant zombie (D:5)
  3 gnolls (D:5)
  3 adders
  2 shadow imps (D:5)
  An ooze (D:2)
  A worm (D:2)
  7 giant geckos
  28 orcs
  4 bats
  3 giant cockroaches
  2 goblins (D:1)
  4 hobgoblins
  3 jackals (D:4)
  3 kobolds
  A ball python (D:3)
  3 giant gecko skeletons
  3 giant newts
  3 rats
107 creatures vanquished.

Notes
Turn   | Place    | Note
--------------------------------------------------------------
     0 | D:1      | 6a6kaBkacke the Minotaur Berserker began the quest for the Orb.
     0 | D:1      | Reached XP level 1. HP: 19/19 MP: 0/0
   188 | D:1      | Reached XP level 2. HP: 25/27 MP: 1/1
   641 | D:2      | Found an opulent altar of Gozag.
  1128 | D:3      | Reached XP level 3. HP: 28/33 MP: 2/2
  1627 | D:3      | Reached ** piety under Trog
  1923 | D:4      | Reached XP level 4. HP: 37/41 MP: 3/3
  1969 | D:4      | Reached skill level 3 in Armour
  2055 | D:4      | Reached skill level 5 in Fighting
  2055 | D:4      | Reached XP level 5. HP: 37/48 MP: 4/4
  2300 | D:4      | Found a blossoming altar of Fedhas.
  2300 | D:4      | Found an oddly glowing altar of Pakellas.
  2718 | D:4      | Noticed an ice beast
  2736 | D:4      | Killed an ice beast
  2736 | D:4      | Reached skill level 5 in Polearms
  2736 | D:4      | Reached skill level 4 in Armour
  2736 | D:4      | Reached XP level 6. HP: 45/56 MP: 5/5
  2953 | D:5      | Entered Level 5 of the Dungeon
  2974 | D:5      | Noticed Menkaure
  2984 | D:5      | Noticed Sigmund
  3002 | D:5      | Killed Menkaure
  3002 | D:5      | Reached skill level 5 in Armour
  3004 | D:5      | Killed Sigmund
  3004 | D:5      | Reached XP level 7. HP: 21/62 MP: 0/6
  3351 | D:5      | Reached *** piety under Trog
  3351 | D:5      | Reached skill level 6 in Armour
  3671 | D:5      | Found a basalt altar of Yredelemnul.
  3691 | D:5      | Reached skill level 5 in Dodging
  3835 | D:5      | Reached skill level 7 in Armour
  3835 | D:5      | Reached XP level 8. HP: 17/71 MP: 1/7
  4799 | D:6      | Reached skill level 8 in Armour
  5078 | D:6      | Gained mutation: Scrolls take you a little longer to read. [potion of mutation]
  5078 | D:6      | Gained mutation: Scrolls take you longer to read. [potion of mutation]
  5078 | D:6      | Gained mutation: Your mind is acute. (Int +2) [potion of mutation]
  5078 | D:6      | HP: 3/73 [shadow imp/nerve-wracking pain (3)]
  5079 | D:6      | HP: 1/73 [poisoned by a killer bee]
  5080 | D:6      | Succumbed to a killer bee's poison

Skill      XL: |  1  2  3  4  5  6  7  8 |
---------------+-------------------------+-----
Fighting       | 4 5 6 7 |  7.3
Polearms       | 4 5 6 7 |  7.1
Armour         | 3 4 5 7 8 |  8.4
Dodging        | 3 4 5 |  5.8

Action                   |  1- 3 |  4- 6 |  7- 9 || total
-------------------------+-------+-------+-------++-------
Melee: Spear             |    75 |    90 |    79 ||   244
       Headbutt          |    13 |    20 |    30 ||    63
       Halberd           |       |       |   102 ||   102
Invok: Burn Spellbooks   |     1 |       |       ||     1
       Berserk           |       |     1 |       ||     1
  Use: Scroll            |    11 |       |     1 ||    12
       Potion            |     3 |     3 |     2 ||     8
  Eat: Chunk             |     3 |     3 |     8 ||    14
Armor: Ring mail         |    12 |    18 |       ||    30
       Animal skin       |     1 |       |       ||     1
       Chain mail        |       |    21 |    93 ||   114
Dodge: Dodged            |    37 |    47 |    97 ||   181
